Zazza, neutral female human Monk ----- |{.<| -------------- |....###u@)...o.......| |...| |o...o.......| ----- ............| ------- ----- Zazza the Novice Experience level: 5 Strength: 18/02 Dexterity: 14 Constitution: 13 Intelligence: 9 Wisdom: 8 Charisma: 7 Health: 0(36) Energy: 23(23) Def: 6 Gold: 2280 Moves: 1854 Dungeon seed: _L7zbtT2igYeeg0N Game ID: Zazza_1571926909 Your Inventory: Coins $ - 2280 gold pieces Weapons m - 6 blessed +2 shuriken p - a +0 orcish dagger y - 10 cursed +3 arrows z - 2 cursed +0 orcish daggers A - 25 cursed +2 darts B - a cursed +0 spear T - a +0 scimitar U - a +0 scimitar Armor e - an uncursed +2 pair of leather gloves (being worn) n - an uncursed +1 robe (being worn) N - a cursed +0 Hawaiian shirt R - a blessed +0 ring mail Y - a cursed +0 orcish helm Comestibles d - 3 uncursed food rations f - 6 uncursed apples g - 5 uncursed oranges h - 3 uncursed fortune cookies k - an uncursed slime mold C - a cursed apple D - 2 cursed eggs E - 5 cursed food rations F - an uncursed partly eaten lichen corpse G - an uncursed tin of goblin meat H - 5 cursed tripe rations O - an uncursed tin of hobbit meat Scrolls b - an uncursed scroll of identify q - a cursed scroll of light u - a cursed scroll of enchant armor v - a cursed scroll of remove curse w - 3 cursed scrolls of magic mapping Spellbooks a - a blessed spellbook of healing I - a cursed spellbook of cure sickness Potions c - 3 uncursed potions of healing r - an uncursed potion of confusion s - a cursed potion of gain energy t - a cursed potion of hallucination x - 2 cursed potions of extra healing K - a cursed potion of speed P - a blessed potion of levitation Tools j - a blessed oil lamp (0:1049) J - a cursed sack S - an uncursed sack W - an uncursed large box Gems Q - an uncursed worthless piece of violet glass Spells and supernatural/magical abilities: Name Level Category Fail Memory h - healing 1 healing 0% 91% W - pray for help -- divine ? -- Your skills at the end: Fighting Skills martial arts [Basic] Weapon Skills Spellcasting Skills healing spells [Basic] Final Attributes: You were piously aligned. You were sleep resistant. You were poison resistant. You saw invisible. You were stealthy. You were fast. You are dead. Vanquished creatures: a ghost a giant spider a dingo a quasit a wood nymph an Uruk-hai a kobold lord 4 hill orcs 3 dwarf zombies 4 giant rats a gecko 6 jackals a fox a kobold a goblin 2 grid bugs a bat 3 lichens 7 newts 41 creatures vanquished. Voluntary challenges: You followed a strict vegan diet. You were an atheist. You never hit with a wielded weapon. You were illiterate. You never genocided any monsters. You never polymorphed an object. You never changed form. You used no wishes. You never split a pudding. You never wrote Elbereth's name. You never violated your personal moral code. Dungeon overview: The Dungeons of Doom: levels 1 to 11 Level 1 a long staircase Level 2 some fountains Level 3 Level 4 Level 5 Level 6 Level 7 many fountains Level 8 a long staircase Level 9 a fountain Level 10 Level 11 <- You were here a fountain History has recorded: On T:1 you entered the Dungeons of Doom to retrieve the Amulet of Yendor! On T:301 you reached level 2 of The Dungeons of Doom. On T:545 you reached level 3 of The Dungeons of Doom. On T:599 you reached level 4 of The Dungeons of Doom. On T:622 you reached level 5 of The Dungeons of Doom. On T:664 you advanced to experience level 2. On T:664 you advanced to experience level 3. On T:787 you reached level 6 of The Dungeons of Doom. On T:885 you reached level 7 of The Dungeons of Doom. On T:902 you advanced to experience level 4. On T:1045 you reached level 8 of The Dungeons of Doom. On T:1296 you reached level 9 of The Dungeons of Doom. On T:1426 you advanced to experience level 5. On T:1440 you reached level 10 of The Dungeons of Doom. On T:1835 you reached level 11 of The Dungeons of Doom. Score breakdown: Gold: 2280 (11423 points) Experience: 5 levels (11141 points) Exploration: 11 levels ( 23.40%) (13987 points) Discoveries: 0 items ( 0.00%) ( 0 points) Valuables value: (no points given unless you survive) Artifact value: 0 ( 0 points) Variety of kills: 19 monsters ( 4.99%) ( 6699 points) Turncount: 1854 turns ( 0 points) Survival: died (score multiplied by 80%) Total score: 34600 Latest messages: The Uruk-hai wields a crude short sword! The crude short sword welds itself to the Uruk-hai's hand! You don't have enough stamina to move. The Uruk-hai shoots 2 poisoned crude arrows! You are hit by the 1st poisoned crude arrow. You aren't poisoned. You are almost hit by the 2nd poisoned crude arrow. The Uruk-hai thrusts her crude short sword. The Uruk-hai hits! You don't have enough stamina to move. The Uruk-hai shoots a poisoned crude arrow! You are almost hit by a poisoned crude arrow. You don't have enough stamina to move. The Uruk-hai thrusts her crude short sword. The Uruk-hai hits! The Uruk-hai shoots 2 poisoned crude arrows! You are hit by the 1st poisoned crude arrow. You die... The sack is empty. (2x) The large box is empty. The sack is empty. (2x) The large box is empty. Final status: Goodbye Zazza the Monk, killed by an orcish arrow... You died in The Dungeons of Doom on dungeon level 11 with 34600 points, and 2280 pieces of gold, after 1854 moves. You were level 5 with a maximum of 36 hit points when you died.